[Event "Late-Titled-Tuesday-Blitz-March-19-2024"]
[Site "Chess.com"]
[Date "2024.03.19"]
[Round "3"]
[White "katharinareinecke"]
[Black "Piriflillo"]
[Result "0-1"]
[WhiteElo "1977"]
[BlackElo "2365"]
[TimeControl "180+1"]
[EndTime "14:29:38 PDT"]
[Termination "Piriflillo won by checkmate"]

1. d4 d5 2. c4 c5 3. cxd5 Nf6 4. Nc3 Nxd5 5. Nxd5 Qxd5 6. Nf3 Nc6 7. e3 cxd4 8.
Nxd4 Nxd4 9. Qxd4 Qxd4 10. exd4 Bd7 11. Bf4 e6 12. O-O-O Bc6 13. f3 Be7 14. Kb1 O-O 15. Bd3 Rfd8 16. Be4 Rac8 17. Be3 Bf6 18. Rd2 Bd5 19.
Rhd1 h6 20. g4 Rd7 21. Bxd5 Rxd5 22. f4 Rcd8 23. Bf2 Kf8 24. h4 g6 25. g5 Bg7 26.
Be3 h5 27. a3 Ke8 28. b4 Bf8 29. Ka2 Bd6 30. Kb3 Rf5 31. Rf1 Bc7 32. a4 Rfd5 33.
Rfd1 f6 34. a5 a6 35. Kc4 Kf7 36. Kb3 Bb8 37. Kc4 Ba7 38. Kb3 e5 39. dxe5 Rxd2 40. Bxd2 fxe5 41. fxe5 Ke6 42. Kc2 Bd4 43. Bf4 Rd5 44.
Rd3 Bxe5 45. Bxe5 Kxe5 46. Re3+ Kf5 47. Rc3 Rd4 48. Kb3 Rxh4 49. Rc5+ Kg4 50. Rc7 Kxg5 51. Rxb7 Rh3+ 52. Kc4 Rh1 53. b5 Rc1+ 54. Kd5 axb5 55. Rxb5 Ra1 56. Kc6+ Kg4 57. Kb7 h4 58. a6 h3 59. a7 Rxa7+ 60. Kxa7 h2 61. Rb1 Kh3 62. Kb6 g5 63. Kc5 g4 64. Kd4 g3 65. Ke4 g2 66.
Rb3+ Kg4 67. Rg3+ Kxg3 68. Ke3 g1=Q+ 69. Ke2 h1=Q 70. Kd3 Qd5+ 71. Kc3 Qgc5+ 72. Kb2 Qb7+ 73. Ka1 Qca7# 0-1

[Event "Late-Titled-Tuesday-Blitz-March-19-2024"]
[Site "Chess.com"]
[Date "2024.03.19"]
[Round "3"]
[White "subham777"]
[Black "Felix-Rose"]
[Result "1-0"]
[WhiteElo "2524"]
[BlackElo "2282"]
[TimeControl "180+1"]
[EndTime "14:29:45 PDT"]
[Termination "subham777 won by checkmate"]

1. e4 c5 2. Nf3 g6 3. c3 Bg7 4. d4 cxd4 5. cxd4 d5 6. exd5 Nf6 7. Nc3 Nxd5 8. Bc4 Nb6 9. Bb3 O-O 10. O-O Nc6 11. Be3 Bg4 12. h3 Bxf3 13. Qxf3 Nxd4 14.
Bxd4 Bxd4 15. Qxb7 Bxc3 16. bxc3 e6 17. Rad1 Qc8 18.
Qf3 Qc5 19. Rfe1 Rac8 20. Re3 a5 21. Qf6 a4 22. Bxe6 fxe6 23. Qxe6+ Kh8 24. Rd6 Nc4 25. Rd5 Qc6 26. Qxc6 Rxc6 27. Re7 Nb6 28. Ra5 Rxc3 29. Raa7 Rfc8 30. Rxh7+ Kg8 31. Rag7+ Kf8 32. Rb7 Rc1+ 33. Kh2 Kg8 34. Rhg7+ Kf8 35. Rbf7+ Ke8 36. Rb7 Kf8 37. Rxg6 Nd5 38. Rd6 Nc7 39. Rd7 Ne6 40. Rf7+ Kg8 41. Rfe7 Nc5 42. Rg7+ Kf8 43. Rbf7+ Ke8 44. Ra7 Kf8 45.
h4 Ne6 46. Rge7 R1c6 47. Rf7+ Kg8 48. h5 R6c7 49. Rfxc7 Nxc7 50. Rxa4 Nd5 51. g4 Rc3 52. Rd4 Nf6 53. a4 Ra3 54. Kg2 Kh7 55.
f3 Kg7 56. Rd6 Kf7 57. h6 Ng8 58. g5 Ra2+ 59. Kg3 Ne7 60. Rf6+ Kg8 61. Re6 Nd5 62. g6 Ra1 63. Re8# 1-0

[Event "Late-Titled-Tuesday-Blitz-March-19-2024"]
[Site "Chess.com"]
[Date "2024.03.19"]
[Round "3"]
[White "RichardLeyvaP"]
[Black "inagreV"]
[Result "0-1"]
[WhiteElo "2538"]
[BlackElo "2387"]
[TimeControl "180+1"]
[EndTime "14:29:46 PDT"]
[Termination "inagreV won on time"]

1. e4 c5 2. Nf3 Nc6 3. d4 cxd4 4. Nxd4 Nf6 5. Nc3 d6 6. Bc4 Qb6 7. Nb3 e6 8. Qe2 Be7 9. Be3 Qc7 10. f4 O-O 11. g4 d5 12. exd5 exd5 13. Nxd5 Nxd5 14.
Bxd5 Nb4 15. Be4 Bh4+ 16. Kf1 Re8 17. Qf3 Nxc2 18. Bxc2 Qxc2 19. Bd4 Be6 20. Rc1 Bc4+ 21. Kg1 Qe2 22. Qxe2 Bxe2 23. h3 Bg3 24. f5 Bf3 25. Rc3 Bxh1 26. Rxg3 Bd5 27. f6 Bxb3 28. Rxb3 Rad8 29.
Bc3 Re2 30. Kf1 Rh2 31. Kg1 Rc2 32.
Kf1 gxf6 33. Rxb7 Rd1+ 34. Be1 Rh2 35. Kg1 Rxh3 36. Kg2 Rhd3 37. Bc3 Kg7 38. g5 R1d2+ 39. Bxd2 Rxd2+ 40. Kf3 fxg5 41. a4 h5 42. b4 h4 43.
b5 Kg6 44. Rxa7 f5 45. b6 g4+ 46. Ke3 Rb2 47. a5 h3 48. b7 h2 49. Ra6+ Kg5 50.
Rb6 Rxb6 51. axb6 h1=Q 52. b8=Q Qe1+ 53. Kd3 Qe4+ 54. Kc3 g3 55. b7 Qc6+ 56. Kd3 Qd5+ 57.
Kc3 Qf3+ 58. Kb4 Qe4+ 59. Kc3 Qc6+ 60. Kd3 Qb5+ 61. Kc3 Qc5+ 62. Kd3 Qd5+ 63. Kc3 Kg4 64. Qc7 Qf3+ 65. Kb4 Qe4+ 66. Kb5 Qd3+ 67. Kb4 Qd4+ 68. Kb5 g2 69. b8=Q g1=Q 70. Qg8+ Kf3 71. Qc6+ Ke2 72. Qc2+ Kf3 73. Qa8+ Kg3 74. Qb3+ Qde3 0-1

[Event "Late-Titled-Tuesday-Blitz-March-19-2024"]
[Site "Chess.com"]
[Date "2024.03.19"]
[Round "3"]
[White "whitemirrorninja"]
[Black "M1711"]
[Result "0-1"]
[WhiteElo "2449"]
[BlackElo "2645"]
[TimeControl "180+1"]
[EndTime "14:29:49 PDT"]
[Termination "M1711 won by checkmate"]

1. d4 Nf6 2. c4 e6 3. a3 c5 4.
d5 exd5 5. cxd5 d6 6. Nc3 g6 7. f3 Bg7 8. e4 O-O 9. Be3 Nh5 10. Qd2 a6 11. g4 Nf6 12. a4 Nbd7 13.
h4 h5 14. g5 Ne8 15. f4 Nc7 16. f5 Be5 17. Nge2 Rb8 18. Nf4 Kg7 19. Be2 b5 20. O-O b4 21. Nd1 b3 22. f6+ Kh7 23. Bxh5 gxh5 24.
Qe2 Rh8 25. Nd3 Kg8 26. Rf5 Nf8 27. Rxe5 dxe5 28. Nxe5 Ng6 29. Nc6 Qe8 30. Bxc5 Bg4 31. Qc4 Ra8 32. Bd6 Bxd1 33. Rxd1 Qd7 34. e5 Nxd5 35.
Rxd5 Re8 36. Rd3 Rc8 37. Rc3 Kh7 38. Qe4 Rhe8 39. Be7 Qg4+ 40. Qxg4 hxg4 41. Kf2 Nxe5 42. Nxe5 Rxc3 43. g6+ fxg6 44. f7 Rc2+ 45. Kg3 Rec8 46. Kxg4 Kg7 47. h5 gxh5+ 48. Kf5 Rf2+ 49. Ke6 Rxf7 50. Nxf7 Rc2 51. Bf6+ Kg6 52. Ne5+ Kh7 53. Kf7 Rxb2 54. Nf3 Rg2 55. Ng5+ Rxg5 56. Bxg5 b2 57. Bf6 b1=Q 58. Ke6 Qa2+ 59. Ke5 Qxa4 60. Be7 Qb5+ 61. Kf6 Qc6+ 62. Bd6 a5 63. Ke5 a4 64. Ba3 Qc3+ 65. Kf4 Qxa3 66. Kg5 Qc5+ 67. Kh4 Kg6 68. Kg3 Qd4 69. Kf3 a3 70. Ke2 a2 71. Kf3 a1=Q 72. Kg2 Qa3 73. Kf1 Qdb2 74. Ke1 Qe3+ 75. Kd1 Qd3+ 76. Ke1 Qc1+ 77. Kf2 Qce3+ 78. Kg2 Qde2+ 79. Kh1 Qc1# 0-1

[Event "Late-Titled-Tuesday-Blitz-March-19-2024"]
[Site "Chess.com"]
[Date "2024.03.19"]
[Round "3"]
[White "teresin05"]
[Black "Tugrik1969"]
[Result "0-1"]
[WhiteElo "2161"]
[BlackElo "2400"]
[TimeControl "180+1"]
[EndTime "14:29:52 PDT"]
[Termination "Tugrik1969 won by resignation"]

1. e4 c5 2. Nf3 d6 3. d4 cxd4 4. Nxd4 Nf6 5. f3 e5 6. Nb3 Be6 7. c4 Nbd7 8. Nc3 Rc8 9. Be3 a6 10. Nd5 Bxd5 11. cxd5 Nh5 12. g3 Be7 13. Be2 Bg5 14. Bf2 g6 15. O-O Ng7 16. Nd2 Bxd2 17. Qxd2 h5 18. Rac1 Ke7 19. Be3 h4 20. g4 f6 21. Rxc8 Qxc8 22. Rc1 Qb8 23. f4 Rc8 24. fxe5 Rxc1+ 25. Qxc1 Nxe5 26. g5 f5 27. exf5 Nxf5 28. Bf2 Kd7 29. Qf4 Qc7 30. Bxh4 Qc2 31. Bg4 Nxg4 32.
Qxg4 Qxb2 33. Qe4 Qc1+ 34. Be1 Qe3+ 35. Qxe3 Nxe3 36. h4 Nxd5 37. Kf2 Nf4 38. Kf3 Nh5 39.
Kg4 Ke6 40. Kf3 Ke5 41. Bc3+ Kf5 42. Ke3 Ke6 43. Ke4 d5+ 44. Kd4 Ng3 45. Be1 Nf5+ 46. Kc5 d4 47. Kb6 d3 48. Kxb7 Nxh4 49. Kxa6 Nf3 50. Bc3 d2 51. Bxd2 Nxd2 52. Kb5 Kd7 53.
a4 Nf3 54. a5 Kc7 55. Kc5 Nxg5 56. Kd5 Nf7 57. Ke6 g5 58. Kf5 Kb7 59. Kg4 Ka6 60. Kf5 Kxa5 61. Kg4 Kb5 62. Kf5 Kc5 63. Kg4 Kd5 64. Kf5 Kd6 65. Kg4 Ke6 66. Kf3 Kf5 67.
Kg3 g4 0-1

[Event "Late-Titled-Tuesday-Blitz-March-19-2024"]
[Site "Chess.com"]
[Date "2024.03.19"]
[Round "3"]
[White "Adar_07"]
[Black "WilsonPalencia21"]
[Result "0-1"]
[WhiteElo "2845"]
[BlackElo "2609"]
[TimeControl "180+1"]
[EndTime "14:29:57 PDT"]
[Termination "WilsonPalencia21 won by resignation"]

1. e4 c5 2. Nf3 d6 3. Bb5+ Nd7 4.
O-O Nf6 5. Re1 a6 6. Bf1 b6 7. Nc3 Bb7 8. d4 cxd4 9. Nxd4 e6 10. g3 Rc8 11. Bg2 Qc7 12. Bg5 Be7 13. Bxf6 Nxf6 14.
g4 h6 15. h4 Nd7 16. Qf3 Bxh4 17. Rad1 Ne5 18. Qh3 Bg5 19. Qg3 Ng6 20. Nf5 Bf4 21. Nxd6+ Kf8 22. Qd3 Rd8 23. Ndb5 Rxd3 24. Nxc7 Rxd1 25.
Rxd1 Ke7 26. e5 Bxg2 27. Kxg2 Bxe5 28. Nxa6 Rc8 29. Na4 Ra8 30. Nxb6 Rxa6 31. Rd7+ Kf6 32. Rb7 Rxa2 33. Nd7+ Kg5 34. Nc5 Rxb2 35. Rxf7 Nf4+ 36. Kf3 Rxc2 37. Ne4+ Kg6 38. Rxf4 Bxf4 39. Kxf4 Rc4 40. f3 Kf7 41. Ke5 Ra4 42. Nd6+ Ke7 43. Ne4 Ra5+ 44.
Kf4 g6 45. Nf2 Ra4+ 46. Kg3 Kf6 47. Nd3 e5 48. Nc5 Ra3 49. Nd7+ Ke6 50. Nc5+ Kf7 51. Nd7 Ra5 52. Nb6 Rc5 53. Nd7 Rd5 54. Nb6 Rb5 55. Nc4 Ke6 56. Nd2 Rb4 57. Nf1 Rb3 58. Nd2 Re3 59.
Nc4 Rc3 60. Nd2 Kd5 61. Ne4 Rc4 62. Nf6+ Ke6 63. Ne4 Rxe4 64. fxe4 Kd6 65. g5 h5 66. Kf3 Kc5 67. Ke3 Kc4 68. Ke2 Kd4 69. Kf3 Kd3 70. Kg3 Kxe4 71. Kh4 Kf4 72. Kh3 Kxg5 73. Kg3 Kf5 74.
Kh3 g5 75. Kg2 e4 76. Kg3 Ke5 77. Kh3 Kf4 78. Kg2 h4 79. Kh3 e3 80. Kg2 g4 81.
Kf1 Kf3 82. Kg1 e2 83. Kh2 g3+ 0-1

[Event "Late-Titled-Tuesday-Blitz-March-19-2024"]
[Site "Chess.com"]
[Date "2024.03.19"]
[Round "3"]
[White "Bilan_Danila"]
[Black "el_sporco"]
[Result "1-0"]
[WhiteElo "2630"]
[BlackElo "2395"]
[TimeControl "180+1"]
[EndTime "14:29:57 PDT"]
[Termination "Bilan_Danila won by resignation"]

1. d4 Nf6 2. Nf3 e6 3. c4 d5 4. Nc3 Be7 5. Bg5 h6 6. Bh4 O-O 7. e3 Ne4 8. Bxe7 Qxe7 9. cxd5 Nxc3 10. bxc3 exd5 11. Bd3 c5 12. O-O Nc6 13. h3 Be6 14. Qc2 c4 15. Bf5 Rfe8 16. Rfe1 Qf6 17. Bxe6 Rxe6 18.
Rab1 b6 19. e4 Qg6 20. Nd2 Rae8 21. f3 f5 22. e5 Qg5 23. Nf1 f4 24. Qf2 Ne7 25.
g4 fxg3 26. Qxg3 Qh5 27. Kh2 Rf8 28. Qg4 Qf7 29. Nd2 Rg6 30. Qh4 Nf5 31. Qf2 Rg5 32.
Rg1 Qh5 33. f4 Rxg1 34. Rxg1 Nh4 35. Rg3 Ng6 36. Rg4 Ne7 37. Kg3 Nf5+ 38. Kh2 Qf7 39. Nf3 Kh7 40. Rg2 Qe7 41. Rg4 g6 42. Qg2 Rg8 43.
Qf2 Qe6 44. Nh4 Nxh4 45. Qxh4 Qf5 46. Qe7+ Rg7 47. Qh4 Qc2+ 48. Rg2 Qe4 49. Qf6 h5 50. e6 Kh6 51. Qg5+ Kh7 52. Qf6 Kh6 53. f5 Qxf5 54. Qxf5 gxf5 55. Re2 Re7 56. Re5 Kg6 57. Kg3 Kf6 58. Kf4 Rxe6 59. Rxf5+ Kg6 60. Rg5+ Kh6 61.
Rxd5 Re2 62. Rd6+ Kg7 63. Rd7+ Kg6 64. Rxa7 Rc2 65. Ra6 Rxc3 66. Rxb6+ Kf7 67. h4 Rd3 68. Ke5 Re3+ 69. Kd5 c3 70. Rc6 Rg3 71. a4 Rh3 72. a5 Rxh4 73. Rxc3 Rh2 74. Ra3 Rb2 75. a6 Rb8 76. a7 Ra8 77. Kc6 h4 78. Kb7 Rh8 79. a8=Q Rxa8 80. Kxa8 1-0

[Event "Late-Titled-Tuesday-Blitz-March-19-2024"]
[Site "Chess.com"]
[Date "2024.03.19"]
[Round "3"]
[White "TheRigos"]
[Black "Alex_Sahakyan2006"]
[Result "0-1"]
[WhiteElo "2555"]
[BlackElo "2809"]
[TimeControl "180+1"]
[EndTime "14:30:00 PDT"]
[Termination "Alex_Sahakyan2006 won on time"]

1. d4 Nf6 2. c4 g6 3. Nc3 Bg7 4. e4 d6 5. h3 O-O 6. Be3 c5 7.
Nf3 Nbd7 8. Be2 cxd4 9. Nxd4 Nc5 10. Qc2 Bd7 11. O-O Rc8 12. Rac1 a6 13. b4 Ne6 14.
Qd2 Nxd4 15. Bxd4 Be6 16. Bxf6 Bxf6 17. Nd5 Bxd5 18. cxd5 Qb6 19. Bg4 Rxc1 20. Rxc1 h5 21. Be2 Kg7 22. a3 Ra8 23. g3 a5 24. b5 a4 25. Kg2 Bd4 26. Bf1 h4 27. Rc4 Bf6 28. g4 Kg8 29. Rc2 Re8 30. Qe3 Bd4 31.
Qg5 Bf6 32. Qe3 Qa5 33. Be2 Qe1 34. Bf1 Qxe3 35. fxe3 e6 36. dxe6 Rxe6 37. Kf3 Re5 38. Rc7 b6 39. Rc6 Bd8 40. Rxd6 Re8 41. Bc4 Rf8 42.
Rxg6+ Kh7 43. Rd6 Kg7 44. Rd7 Kf6 45. Kf4 Kg6 46. e5 Bg5+ 47. Ke4 f6 48. Be6 fxe5 49. Bf5+ Kf6 50. Rd6+ Ke7 51. Re6+ Kf7 52. Rxb6 Rd8 53. Rb7+ Kf6 54. Rb6+ Kf7 55. Rb7+ Kf6 56. b6 Rd2 57. Rc7 Rb2 58. b7 Rb3 59. Bc8 Rxe3+ 60. Kd5 Rb3 61. Kc5 Be3+ 62. Kd5 Kg5 63. Rg7+ Kf4 64. Rf7+ Kg3 65.
g5 Bxg5 66. Kxe5 Bc1 67. Rg7+ Kh2 68. Rf7 Bxa3 69. Kd5 Bb2 70. Rf2+ Kg3 71. Re2 a3 72. Re4 a2 73. Ra4 a1=Q 74. Rxa1 Bxa1 75. Kc6 Rb1 0-1

[Event "Late-Titled-Tuesday-Blitz-March-19-2024"]
[Site "Chess.com"]
[Date "2024.03.19"]
[Round "3"]
[White "MikeSailer"]
[Black "Bkmzzzzz"]
[Result "0-1"]
[WhiteElo "2122"]
[BlackElo "2393"]
[TimeControl "180+1"]
[EndTime "14:30:00 PDT"]
[Termination "Bkmzzzzz won by checkmate"]

1. d4 d5 2. Bf4 e6 3. e3 Bd6 4. Nf3 Bxf4 5. exf4 Nf6 6. Bd3 O-O 7.
O-O Nbd7 8. Nbd2 c5 9. c3 cxd4 10. cxd4 a6 11. Ne5 b5 12. Re1 Bb7 13. Re3 g6 14. Rh3 Ne8 15. Qg4 f5 16. Qe2 Rc8 17. Re1 Ng7 18. Re3 Nf6 19. Nb3 Rc7 20. Nc5 Bc8 21. f3 Qd6 22. b3 Re8 23. a4 bxa4 24. bxa4 Ra7 25. h3 Nd7 26. Nexd7 Bxd7 27. Bxa6 Bxa4 28. Nxa4 Qxa6 29. Nc5 Qxe2 30. R3xe2 Kf7 31. Rb2 Rea8 32. Kh2 h5 33. Reb1 Rc7 34. Rb7 Ra7 35. Rb8 Ne8 36. Rd8 Re7 37. Rbb8 Ra2 38. Nd3 Nf6 39.
Ne5+ Kg7 40. Rdc8 h4 41. Rc6 Nh5 42. Rbb6 Nxf4 43. Rc8 Rxg2+ 44. Kh1 Rd2 45. Rbb8 Kh6 46. Rh8+ Rh7 47. Rxh7+ Kxh7 48. Rb7+ Kg8 49. Rb8+ Kg7 50. Rb7+ Kf8 51. Rb8+ Ke7 52. Rb7+ Kd8 53. Rh7 Re2 54.
Rxh4 g5 55. Rh7 Re3 56. Nf7+ Ke8 57. Nxg5 Rd3 58. Rh8+ Ke7 59. Rh7+ Kf6 60. h4 Rxd4 61. Rh6+ Kg7 62. Rh7+ Kg6 63. Re7 Rd3 64. Nxe6 Nxe6 65. Rxe6+ Kh5 66. Re5 Rxf3 67. Rxd5 Kxh4 68. Rd4+ Kg3 69.
Rd1 f4 70. Rg1+ Kf2 71. Ra1 Re3 72. Ra2+ Re2 73. Ra8 f3 74. Rf8 Re5 75. Rf7 Rh5# 0-1

[Event "Late-Titled-Tuesday-Blitz-March-19-2024"]
[Site "Chess.com"]
[Date "2024.03.19"]
[Round "3"]
[White "xakevicius91"]
[Black "Yaacovn"]
[Result "1-0"]
[WhiteElo "2562"]
[BlackElo "2868"]
[TimeControl "180+1"]
[EndTime "14:30:06 PDT"]
[Termination "xakevicius91 won by resignation"]

1. e4 c6 2. d4 d5 3. e5 Bf5 4.
Nd2 e6 5. Nb3 Ne7 6. Nf3 Bg6 7.
Be2 Nf5 8. a4 a6 9. O-O Nd7 10.
c4 dxc4 11. Bxc4 Nb6 12. Qe2 Nxc4 13. Qxc4 Qd5 14. Qxd5 cxd5 15. Bd2 Be7 16. Rac1 O-O 17. Rc7 b5 18. axb5 axb5 19. g4 Nh4 20. Nxh4 Bxh4 21. Rb7 Rfc8 22. Nc5 Rab8 23. Rxb8 Rxb8 24. Ra1 h5 25. h3 hxg4 26. hxg4 Be7 27. b4 Bc2 28.
Ra7 Bd8 29. g5 Bb6 30. Ra6 Bd8 31. f4 Kh7 32. Kf2 Kg6 33. Kg3 Bf5 34. Ra7 Bb6 35. Ra6 Bxc5 36. dxc5 d4 37. Rd6 d3 38. Kf3 Rc8 39.
Ke3 Kh5 40. c6 Kg4 41. Bc3 Kg3 42. Be1+ Kg2 43. Bd2 Kf1 44. Bc3 g6 45. Bd2 Kg2 46.
Bc3 Kg1 47. Bd2 Kf1 48. Bc3 Bg4 49. Bd2 Be2 50. Bc3 Kg2 51. Bd4 Kf1 52. Kd2 Kg2 53. Bb6 Bf3 54. c7 Bb7 55. Kxd3 Kf3 56. Rd4 Ra8 57.
Ba5 Rh8 58. Kc3 Kg4 59. Rd8 Rh3+ 60. Kd2 Rh1 61. Rb8 Rh2+ 62. Kc3 Rh3+ 63. Kd2 Rh2+ 64. Ke1 Rh1+ 65. Kf2 Rh2+ 66. Ke3 Rh3+ 67. Kd4 Bd5 68. c8=Q Rh1 69. Kc5 Rd1 70. Kd6 Kf5 71. Ke7 Kxf4 72. Qc2 Rf1 73. Qd2+ Kf3 74. Rh8 Kg4 75.
Qe2+ Rf3 76. Rh2 Kf5 77. Bb6 Kxg5 78. Rf2 Rf5 79. Rxf5+ gxf5 80. Be3+ f4 81. Bxf4+ Kxf4 82. Kxf7 Kf5 83. Qe3 Bc4 84. Ke7 Bd5 85. Kd6 Bc4 86.
Kc5 Kg4 87. Kd4 Kf5 88. Qe4+ Kg5 89. Qc6 Kf5 90. Qd6 Kg5 91. Qe7+ Kf5 92. Qf6+ Kg4 93. Kc5 Kg3 94. Kd6 Kg4 95. Qxe6+ Bxe6 96. Kxe6 Kf4 97. Kf6 1-0

[Event "Late-Titled-Tuesday-Blitz-March-19-2024"]
[Site "Chess.com"]
[Date "2024.03.19"]
[Round "3"]
[White "Rud_Makarian"]
[Black "GaiozNigalidze"]
[Result "1-0"]
[WhiteElo "3006"]
[BlackElo "2709"]
[TimeControl "180+1"]
[EndTime "14:30:12 PDT"]
[Termination "Rud_Makarian won by resignation"]

1. d4 Nf6 2. c4 e6 3. Nf3 d5 4. Nc3 Be7 5. Bf4 O-O 6. e3 Nbd7 7. c5 c6 8. Bd3 Nh5 9. O-O Nxf4 10. exf4 b6 11. b4 a5 12. a3 axb4 13. axb4 Rxa1 14. Qxa1 bxc5 15. bxc5 Qc7 16. g3 Bb7 17. Rb1 Ra8 18.
Qb2 Bc8 19. Kg2 g6 20. h4 Rb8 21. Qc2 Rxb1 22. Qxb1 Qb7 23. Qc2 Qb4 24. Ne2 Bf6 25.
Ne5 Nxe5 26. fxe5 Bd8 27. Qc1 Kg7 28. Qe3 Qa3 29. Ng1 Ba6 30. Bxa6 Qxa6 31. Nf3 Qa4 32. Qd3 h6 33. Qb1 Qa7 34. Qb2 Qc7 35. Qa2 Qb7 36. Qa4 Bc7 37. Ne1 Bd8 38. Nf3 Bc7 39. Qc2 Bd8 40. Qd3 Be7 41. Qd2 Bd8 42. Qf4 Qb1 43. Qg4 Qd3 44. Qf4 Qc2 45. Qe3 Qb2 46. Ng1 Qb7 47. Nh3 Qb1 48. Nf4 Qb2 49. Qd3 Qb7 50. Qf3 Qb2 51. Qg4 Kf8 52. Qf3 Kg7 53. Qd3 Qb7 54. h5 g5 55. Nxe6+ fxe6 56. Qg6+ Kf8 57. Qxh6+ Qg7 58. Qxe6 Qh7 59. Qxc6 Qe4+ 60. Kh2 Qf3 61. Qh6+ Ke8 62. Qg6+ Kd7 63. Kg1 Kc8 64. Qc6+ Kb8 65.
h6 Qd1+ 66. Kg2 Qxd4 67. Qd6+ Bc7 68. Qf8+ Ka7 69. Qf5 Qxe5 70. Qf7 Kb7 71. h7 Qe4+ 72. Kg1 Qe1+ 73. Kg2 Qe4+ 74. Kh2 Qe5 75. Kh3 Qd4 76. Kg2 Kc6 77. Qe8+ Kb7 78. h8=Q Qe4+ 79. Qxe4 dxe4 80.
Qd4 Kc6 81. Qxe4+ Kxc5 82. Qf5+ 1-0

[Event "Late-Titled-Tuesday-Blitz-March-19-2024"]
[Site "Chess.com"]
[Date "2024.03.19"]
[Round "3"]
[White "ritanovikova"]
[Black "Smiechu"]
[Result "1/2-1/2"]
[WhiteElo "2221"]
[BlackElo "2423"]
[TimeControl "180+1"]
[EndTime "14:30:13 PDT"]
[Termination "Game drawn - insufficient material"]

1. e4 c5 2. Nc3 Nc6 3. d3 g6 4. Be3 d6 5. Qd2 Bg7 6. g3 e6 7. Bg2 Rb8 8. h4 h5 9. Nd1 Nf6 10. f3 b5 11. Ne2 b4 12. O-O a5 13.
d4 cxd4 14. Nxd4 Nxd4 15. Bxd4 O-O 16. Nf2 Ba6 17. Rfd1 Rc8 18. c3 bxc3 19. Bxc3 d5 20. exd5 Nxd5 21. Bxg7 Kxg7 22. Ne4 Nf6 23. Qf4 Qb6+ 24.
Kh2 Nxe4 25. fxe4 Rc2 26. Rd2 Qxb2 27. Rxc2 Qxc2 28. Qe5+ Kh7 29. Qxa5 Bd3 30. Qe5 Qe2 31. a4 Qf2 32. a5 Rc8 33. Qf4 Qxf4 34. gxf4 Ba6 35.
Bf1 Bxf1 36. Rxf1 Rc2+ 37. Kg3 Ra2 38. Rb1 Ra3+ 39. Kf2 Rxa5 40. Rb7 Kg7 41. e5 Ra3 42. Kg2 Rd3 43. Ra7 Kf8 44. Rb7 Ke8 45. Ra7 Rd7 46.
Ra8+ Ke7 47. Ra6 Rc7 48. Rb6 f6 49. exf6+ Kxf6 50. Rb5 Rd7 51. Kg3 Rd3+ 52. Kg2 Rd5 53. Rb8 Kf5 54. Rf8+ Kg4 55. Rf6 Rd2+ 56. Kf1 Rd6 57.
Rxg6+ Kxf4 58. Ke2 Kf5 59. Rg8 Rd4 60. Rg5+ Kf4 61.
Rxh5 e5 62. Rh8 Ra4 63. h5 Ra2+ 64. Kd1 Rh2 65. h6 Ke3 66. h7 e4 67. Kc1 Rh4 68. Kd1 Rh1+ 69. Kc2 Rh2+ 70. Kc3 Ke2 71. Kd4 e3 72. Re8 Rh4+ 73. Re4 Rxh7 74. Rxe3+ Kd2 75. Re4 Kc2 76. Ke5 Kd2 77. Kf4 Rh4+ 78. Kf5 Rxe4 79.
Kxe4 1/2-1/2

[Event "Late-Titled-Tuesday-Blitz-March-19-2024"]
[Site "Chess.com"]
[Date "2024.03.19"]
[Round "3"]
[White "VitaliyBernadskiy"]
[Black "MKlose11"]
[Result "1-0"]
[WhiteElo "2885"]
[BlackElo "2637"]
[TimeControl "180+1"]
[EndTime "14:30:15 PDT"]
[Termination "VitaliyBernadskiy won by checkmate"]

1. e4 e6 2. d4 d5 3. exd5 exd5 4. Nf3 Nf6 5. Bd3 Bd6 6. Qe2+ Qe7 7. Qxe7+ Kxe7 8.
O-O Re8 9. Bg5 Nd7 10. Nc3 c6 11. Nh4 Kf8 12. Nf5 Bc7 13. Rfe1 h6 14. Rxe8+ Nxe8 15. Be7+ Kg8 16. Re1 Ndf6 17. h3 Bxf5 18. Bxf5 Bd6 19. g4 Bxe7 20. Rxe7 Nd6 21. Bd3 Kf8 22. Re5 Nd7 23. Re3 Re8 24. Rxe8+ Kxe8 25. Kg2 Nb6 26. b3 Nd7 27. Kf3 Ke7 28. Ke3 Nf8 29. f4 f5 30. Ne2 fxg4 31. hxg4 g5 32. c4 dxc4 33. bxc4 gxf4+ 34. Kxf4 Kf6 35. d5 cxd5 36.
cxd5 Nd7 37. Ng3 Nc5 38. Bc2 b5 39. Nh5+ Ke7 40. Ke5 b4 41. Nf4 Nd7+ 42. Kd4 a5 43. Ba4 Nb6 44. Bc6 a4 45. Nd3 b3 46. axb3 axb3 47. Kc3 Kf6 48. Kxb3 Kg5 49. Nf2 Kf4 50.
Kb4 Kf3 51. Kc5 Nxd5 52. Nd3 Ne4+ 53. Kxd5 Kxg4 54. Kxe4 h5 55. Bd7+ Kg5 56. Nf4 h4 57. Nh3+ Kf6 58. Kf4 Ke7 59. Bf5 Kd6 60. Kg5 Kc5 61.
Kxh4 Kd4 62. Kg4 Ke5 63. Kg5 Kd5 64. Kf4 Kd4 65. Ng5 Kd5 66. Nf3 Kc4 67. Ke4 Kc5 68. Be6 Kd6 69. Nd4 Kc5 70. Ke5 Kb6 71. Kd5 Kc7 72. Nc6 Kb6 73. Kd6 Kb5 74. Bb3 Kb6 75. Bc4 Kb7 76. Ne7 Kb6 77. Nc6 Kb7 78. Kc5 Kc7 79.
Be6 Kb7 80. Nb4 Kc7 81. Nc6 Kb7 82. Nb4 Kc7 83. Na6+ Kb7 84. Kb5 Ka7 85. Nc5 Kb8 86.
Kb6 Ka8 87. Bd7 Kb8 88. Na6+ Ka8 89. Bc6# 1-0

[Event "Late-Titled-Tuesday-Blitz-March-19-2024"]
[Site "Chess.com"]
[Date "2024.03.19"]
[Round "3"]
[White "bascheyaro"]
[Black "nihalsarin"]
[Result "1/2-1/2"]
[WhiteElo "2791"]
[BlackElo "3173"]
[TimeControl "180+1"]
[EndTime "14:30:29 PDT"]
[Termination "Game drawn by repetition"]

1. d4 a6 2. Nf3 b5 3. Bf4 Bb7 4. e3 Nf6 5. c4 bxc4 6. Bxc4 e6 7. Nc3 Be7 8. Rc1 O-O 9. O-O d5 10. Bd3 c5 11. b3 Nbd7 12. Na4 Rc8 13. Qe2 Qa5 14. Qe1 Qb4 15. Qxb4 cxb4 16. Ne5 Nxe5 17. Bxe5 Nd7 18. Bc7 f6 19. Rc2 Kf7 20. Rfc1 h5 21. f4 g6 22. Kf2 Rg8 23. g3 g5 24. fxg5 fxg5 25. Kg2 g4 26. Nb6 Nxb6 27. Bxb6 Rxc2+ 28. Rxc2 Rc8 29. Rxc8 Bxc8 30. Bc7 Kg7 31. Be2 Kh6 32.
Bf4+ Kg6 33. Kf2 Bd8 34. Be5 a5 35. Bd3+ Kf7 36. Bf1 Bd7 37. Kg2 Be8 38. h3 Kg6 39. hxg4 hxg4 40. Bd3+ Kh5 41. Kf2 Bg6 42. e4 dxe4 43.
Bc4 Bf5 44. Bf4 Bg5 45. Ke3 Bf6 46. Bb5 Kg6 47. Bc7 Bg5+ 48. Ke2 Bf6 49. Bxa5 Bxd4 50. Bxb4 Be5 51. Be1 Bd4 52. a4 Kf6 53. a5 e3 54.
Bd3 Ke5 55. b4 Kd5 56. b5 Kc5 57. b6 Kc6 58. Bb4 Be5 59. Be1 Bd4 60. Ba6 Be4 61. Bc8 Kd6 62. b7 Kc7 63. a6 Kb8 64. Bb4 Bf3+ 65. Kd3 Be5 66. Kxe3 Bxg3 67. Bxe6 Bxb7 68.
axb7 Kxb7 69. Bxg4 Kb8 70. Ke4 Bc7 71. Kd5 Bb6 72. Kc6 Bc7 73. Bc5 Bh2 74. Bb6 Bg3 75. Bf3 Bh2 76. Be2 Bg3 77. Bg4 Bh2 78. Bf2 Bf4 79.
Kb5 Bh2 80. Ka6 Bf4 81. Ba7+ Kc7 82. Bd4 Kb8 83. Kb6 Bc7+ 84. Kc6 Bh2 85. Be3 Bg3 86. Bd4 Bh2 87. Be3 Bg3 88. Bd4 Bh2 1/2-1/2

[Event "Late-Titled-Tuesday-Blitz-March-19-2024"]
[Site "Chess.com"]
[Date "2024.03.19"]
[Round "3"]
[White "NovakCabarkapa"]
[Black "Sina_Movahed"]
[Result "1/2-1/2"]
[WhiteElo "2771"]
[BlackElo "3100"]
[TimeControl "180+1"]
[EndTime "14:30:31 PDT"]
[Termination "Game drawn by stalemate"]

1. d4 Nf6 2. Nc3 d5 3. Bf4 c5 4. e3 a6 5. dxc5 Nc6 6. a3 e5 7. Bg5 Be6 8. b4 Be7 9. Be2 h6 10. Bh4 e4 11. Na4 Nd7 12. Bxe7 Qxe7 13. Bf1 Qf6 14. Ne2 Bg4 15. h3 Bxe2 16. Bxe2 O-O 17. O-O d4 18. exd4 Nxd4 19. c3 Nxe2+ 20. Qxe2 Qc6 21. Nb2 Ne5 22. Nc4 Nd3 23. Nd6 f5 24. Rad1 Rf6 25. Rxd3 exd3 26. Qxd3 Raf8 27. Re1 b6 28.
Qxa6 Rg6 29. g3 f4 30. Qc4+ Kh7 31. Qe4 fxg3 32. fxg3 Qd7 33. g4 bxc5 34. bxc5 Rf6 35. Kh1 Re6 36. Qb1 Qc6+ 37. Kh2 Rxe1 38. Qxe1 Qxc5 39.
Ne4 Qe5+ 40. Kg2 Re6 41. Kf3 Rf6+ 42. Nxf6+ Qxf6+ 43. Ke3 Qe7+ 44. Kd2 Qxa3 45. Qe4+ Kh8 46. Qe8+ Kh7 47. Qe4+ Kh8 48. Qd4 Qe7 49. c4 Qh4 50.
Qd3 Qf2+ 51. Kc3 Qe1+ 52. Kd4 Qf2+ 53. Qe3 Qf6+ 54. Kd5 Qf7+ 55. Kd4 Qf6+ 56. Kd3 Qd6+ 57. Ke4 Qe6+ 58. Kd4 Qd6+ 59. Kc3 Qa3+ 60. Kd2 Qb2+ 61. Kd3 Qa3+ 62. Ke4 Qe7+ 63. Kf3 Qf7+ 64. Qf4 Qe6 65. c5 Qd5+ 66. Kg3 Qxc5 67. Qb8+ Kh7 68. Qf4 Qg1+ 69. Kf3 Qf1+ 70. Kg3 Qg1+ 71. Kf3 Qb1 72. Kg3 Qd3+ 73. Qf3 Qd6+ 74. Qf4 Qe7 75. Kf3 Kg8 76. Qc4+ Kf8 77. Qf4+ Ke8 78. Qe4 Kf7 79. Qxe7+ Kxe7 80. Kf4 Ke6 81.
g5 hxg5+ 82. Kxg5 Kf7 83. h4 Kg8 84. h5 Kh7 85. h6 gxh6+ 86. Kh4 Kg7 87. Kh3 Kg6 88. Kh2 Kg5 89. Kh1 h5 90. Kg1 h4 91.
Kh1 Kg4 92. Kg1 h3 93. Kh1 Kh4 94. Kg1 Kg3 95. Kh1 h2 1/2-1/2